[ AOE2 MATCH · #507825097 ]
UnrankedLithuanians vs Georgians
Player's team · LOSS
Rival team · WIN
[ REPLAY ANALYSIS · EXTRACTED FROM THE RECORDED GAME ]
Feudal
9:15
Castle
—
Imperial
—
| APM avg | 50.2 |
| APM peak | 114 |
| eAPM avg | 22.0 |
| Villagers / military | 72 / 22 |
Focus
⚔️ 34.5% · 🌾 65.5%
Archer ×13 · Scout Cavalry ×6 · Skirmisher ×3
Feudal
8:25
Castle
—
Imperial
—
| APM avg | 54.5 |
| APM peak | 85 |
| eAPM avg | 27.0 |
| Villagers / military | 52 / 25 |
Focus
⚔️ 38.8% · 🌾 61.2%
Archer ×13 · Skirmisher ×7 · Militia ×3 · Spearman ×2
Match map
Initial resources + every placement click. Lines = walls · curves = elevation contours. ◆ gold · ⬟ stone · ● berries · ✦ relic · ◌ wall gap
Your base· Open — unwalled flank
Harty's base· Open — 15t gap
Smoothed initial terrain · ◌ = detected wall gap · hover for details
Inputs per minute
— DK | Mauseren - - Harty
Build order — DK | Mauseren
First 150 of 158 actions detected
| 0:00 | Queue | Villager (Male) |
| 0:00 | Queue | Villager (Male) |
| 0:01 | Queue | Villager (Male) |
| 0:01 | Build | House |
| 0:03 | Build | House |
| 0:08 | Queue | Villager (Male) |
| 0:14 | Queue | Villager (Male) |
| 0:17 | Queue | Villager (Male) |
| 1:27 | Queue | Villager (Male) |
| 1:46 | Queue | Villager (Male) |
| 2:11 | Queue | Villager (Male) |
| 2:20 | Build | Lumber Camp |
| 2:25 | Queue | Villager (Male) |
| 2:37 | Build | House |
| 2:38 | Build | Palisade Wall |
| 2:44 | Build | Palisade Wall |
| 2:44 | Build | Palisade Wall |
| 2:50 | Build | Palisade Wall |
| 2:56 | Build | Palisade Wall |
| 3:00 | Queue | Villager (Male) |
| 3:34 | Queue | Villager (Male) |
| 3:43 | Queue | Villager (Male) |
| 4:03 | Build | House |
| 4:27 | Queue | Villager (Male) |
| 4:53 | Queue | Villager (Male) |
| 5:13 | Queue | Villager (Male) |
| 5:46 | Queue | Villager (Male) |
| 5:55 | Build | Mining Camp |
| 6:34 | Research | Loom |
| 6:53 | Research | Feudal Age |
| 7:39 | Build | Lumber Camp |
| 7:41 | Queue | Villager (Male) |
| 7:59 | Build | Palisade Wall |
| 8:04 | Build | House |
| 8:16 | Queue | Villager (Male) |
| 8:20 | Build | Palisade Wall |
| 8:33 | Build | Palisade Wall |
| 8:54 | Build | Barracks |
| 9:15 | Queue | Villager (Male) |
| 9:15 | Age | Feudal Age |
| 9:33 | Build | Archery Range |
| 9:35 | Research | Double-Bit Axe |
| 10:08 | Queue | Villager (Male) |
| 10:10 | Queue | Archer |
| 10:17 | Queue | Villager (Male) |
| 10:36 | Queue | Villager (Male) |
| 10:41 | Build | Watch Tower |
| 10:45 | Queue | Villager (Male) |
| 10:51 | Queue | Archer |
| 11:06 | Build | Mill |
| 11:26 | Queue | Archer |
| 11:44 | Queue | Archer |
| 11:57 | Build | Farm |
| 11:58 | Build | Farm |
| 12:03 | Build | Blacksmith |
| 12:06 | Build | House |
| 12:06 | Build | House |
| 12:08 | Queue | Villager (Male) |
| 12:39 | Build | House |
| 12:43 | Build | Farm |
| 12:45 | Build | House |
| 12:48 | Build | Palisade Wall |
| 12:50 | Queue | Archer |
| 13:05 | Build | Farm |
| 13:10 | Build | Farm |
| 13:15 | Queue | Villager (Male) |
| 13:29 | Queue | Archer |
| 13:40 | Queue | Villager (Male) |
| 13:41 | Queue | Archer |
| 13:46 | Build | Farm |
| 13:47 | Queue | Villager (Male) |
| 14:07 | Queue | Villager (Male) |
| 14:11 | Build | Mining Camp |
| 14:13 | Build | Farm |
| 14:15 | Build | Farm |
| 14:20 | Queue | Archer |
| 14:30 | Queue | Villager (Male) |
| 14:37 | Queue | Villager (Male) |
| 14:59 | Queue | Villager (Male) |
| 15:27 | Queue | Villager (Male) |
| 15:31 | Queue | Villager (Male) |
| 15:55 | Queue | Villager (Male) |
| 15:57 | Queue | Villager (Male) |
| 16:01 | Queue | Villager (Male) |
| 16:04 | Build | Mill |
| 16:04 | Build | Farm |
| 16:05 | Build | Farm |
| 16:05 | Build | Farm |
| 16:05 | Build | Farm |
| 16:05 | Queue | Villager (Male) |
| 16:06 | Queue | Villager (Male) |
| 16:23 | Queue | Villager (Male) |
| 16:29 | Build | Stable |
| 16:31 | Queue | Villager (Male) |
| 16:44 | Queue | Villager (Male) |
| 16:49 | Queue | Villager (Male) |
| 17:15 | Queue | Villager (Male) |
| 17:31 | Build | Mining Camp |
| 17:33 | Queue | Villager (Male) |
| 17:36 | Queue | Villager (Male) |
| 17:40 | Build | Watch Tower |
| 17:49 | Queue | Villager (Male) |
| 17:56 | Queue | Villager (Male) |
| 18:11 | Build | Watch Tower |
| 18:12 | Queue | Villager (Male) |
| 18:21 | Queue | Scout Cavalry |
| 18:21 | Queue | Scout Cavalry |
| 18:22 | Queue | Scout Cavalry |
| 18:27 | Queue | Villager (Male) |
| 18:44 | Build | Watch Tower |
| 18:45 | Queue | Villager (Male) |
| 18:48 | Queue | Villager (Male) |
| 18:49 | Queue | Villager (Male) |
| 18:51 | Queue | Villager (Male) |
| 18:52 | Queue | Scout Cavalry |
| 19:20 | Build | Lumber Camp |
| 19:21 | Queue | Villager (Male) |
| 19:25 | Queue | Archer |
| 19:36 | Research | Fletching |
| 19:37 | Queue | Villager (Male) |
| 19:41 | Queue | Villager (Male) |
| 19:44 | Queue | Archer |
| 19:51 | Research | Scale Barding Armor |
| 19:51 | Research | Scale Barding Armor |
| 19:58 | Queue | Villager (Male) |
| 19:59 | Queue | Villager (Male) |
| 20:04 | Queue | Archer |
| 20:27 | Queue | Villager (Male) |
| 20:28 | Build | House |
| 20:29 | Build | House |
| 20:30 | Build | House |
| 20:35 | Queue | Villager (Male) |
| 20:50 | Research | Forging |
| 20:54 | Queue | Villager (Male) |
| 20:58 | Queue | Villager (Male) |
| 21:10 | Queue | Scout Cavalry |
| 21:11 | Queue | Villager (Male) |
| 21:14 | Queue | Villager (Male) |
| 21:26 | Research | Bloodlines |
| 21:26 | Research | Bloodlines |
| 21:36 | Queue | Villager (Male) |
| 21:48 | Queue | Villager (Male) |
| 22:21 | Queue | Villager (Male) |
| 22:33 | Queue | Archer |
| 22:34 | Queue | Villager (Male) |
| 22:40 | Build | House |
| 23:08 | Queue | Villager (Male) |
| 23:09 | Build | Farm |
| 23:10 | Build | Farm |
| 23:10 | Queue | Scout Cavalry |
Build order — Harty
141 actions detected in the replay
| 0:00 | Queue | Villager (Male) |
| 0:00 | Queue | Villager (Male) |
| 0:01 | Queue | Villager (Male) |
| 0:02 | Build | House |
| 0:02 | Build | House |
| 0:17 | Queue | Villager (Male) |
| 1:35 | Queue | Villager (Male) |
| 1:59 | Queue | Villager (Male) |
| 2:22 | Queue | Villager (Male) |
| 2:52 | Queue | Villager (Male) |
| 3:14 | Queue | Villager (Male) |
| 3:18 | Queue | Villager (Male) |
| 3:42 | Queue | Villager (Male) |
| 3:48 | Build | House |
| 4:26 | Build | House |
| 4:32 | Queue | Villager (Male) |
| 4:40 | Queue | Villager (Male) |
| 4:45 | Build | Barracks |
| 5:25 | Queue | Villager (Male) |
| 5:25 | Research | Loom |
| 6:13 | Research | Feudal Age |
| 6:16 | Build | Mill |
| 6:37 | Queue | Militia |
| 6:59 | Queue | Militia |
| 7:14 | Queue | Militia |
| 8:25 | Age | Feudal Age |
| 8:26 | Build | Archery Range |
| 8:27 | Research | Man-at-Arms (upgrade) |
| 8:27 | Queue | Villager (Male) |
| 8:41 | Build | House |
| 8:43 | Build | House |
| 8:46 | Build | Palisade Wall |
| 8:50 | Queue | Villager (Male) |
| 9:06 | Queue | Skirmisher |
| 9:08 | Queue | Villager (Male) |
| 9:26 | Queue | Skirmisher |
| 9:45 | Queue | Villager (Male) |
| 10:09 | Queue | Villager (Male) |
| 10:10 | Queue | Archer |
| 10:15 | Build | Farm |
| 10:17 | Build | Farm |
| 10:19 | Build | Farm |
| 10:25 | Queue | Skirmisher |
| 10:34 | Queue | Villager (Male) |
| 10:50 | Queue | Skirmisher |
| 11:06 | Queue | Skirmisher |
| 11:09 | Queue | Villager (Male) |
| 11:13 | Build | House |
| 11:48 | Research | Double-Bit Axe |
| 11:49 | Queue | Villager (Male) |
| 11:59 | Build | Farm |
| 12:19 | Queue | Villager (Male) |
| 12:22 | Queue | Skirmisher |
| 12:26 | Build | Blacksmith |
| 12:27 | Build | Palisade Wall |
| 12:35 | Build | House |
| 12:50 | Queue | Villager (Male) |
| 12:57 | Build | Watch Tower |
| 13:03 | Build | Mule Cart |
| 13:08 | Build | House |
| 13:19 | Build | House |
| 13:20 | Build | Palisade Wall |
| 13:21 | Build | Palisade Wall |
| 13:23 | Queue | Villager (Male) |
| 13:41 | Build | Watch Tower |
| 13:43 | Queue | Villager (Male) |
| 13:53 | Build | Palisade Wall |
| 13:54 | Build | House |
| 13:55 | Queue | Skirmisher |
| 14:11 | Build | House |
| 14:23 | Queue | Villager (Male) |
| 14:34 | Queue | Villager (Male) |
| 15:03 | Queue | Villager (Male) |
| 15:20 | Queue | Villager (Male) |
| 15:42 | Queue | Villager (Male) |
| 15:59 | Build | Farm |
| 16:00 | Build | Farm |
| 16:12 | Build | House |
| 16:14 | Build | Farm |
| 16:16 | Build | Farm |
| 16:17 | Build | Farm |
| 16:26 | Build | Watch Tower |
| 16:29 | Queue | Villager (Male) |
| 16:31 | Queue | Archer |
| 16:36 | Build | Farm |
| 16:38 | Build | Farm |
| 16:48 | Queue | Archer |
| 16:52 | Build | Archery Range |
| 16:52 | Queue | Villager (Male) |
| 17:09 | Research | Fletching |
| 17:21 | Queue | Villager (Male) |
| 17:36 | Build | Mule Cart |
| 18:02 | Queue | Villager (Male) |
| 18:27 | Queue | Villager (Male) |
| 18:28 | Queue | Archer |
| 18:41 | Queue | Villager (Male) |
| 19:07 | Queue | Archer |
| 19:17 | Queue | Villager (Male) |
| 19:19 | Build | Farm |
| 19:20 | Build | Farm |
| 19:20 | Build | Farm |
| 19:23 | Queue | Villager (Male) |
| 19:23 | Queue | Archer |
| 19:47 | Queue | Archer |
| 20:02 | Queue | Archer |
| 20:12 | Queue | Villager (Male) |
| 20:15 | Build | Mule Cart |
| 20:22 | Build | Farm |
| 20:25 | Build | House |
| 20:27 | Build | House |
| 20:27 | Build | House |
| 20:29 | Build | House |
| 20:30 | Queue | Villager (Male) |
| 21:16 | Build | Watch Tower |
| 21:19 | Queue | Archer |
| 21:20 | Queue | Archer |
| 21:20 | Queue | Villager (Male) |
| 21:42 | Build | Farm |
| 21:49 | Queue | Villager (Male) |
| 21:54 | Build | House |
| 21:55 | Build | House |
| 21:56 | Queue | Spearman |
| 21:59 | Queue | Spearman |
| 22:10 | Build | Palisade Gate |
| 22:15 | Build | House |
| 22:26 | Queue | Villager (Male) |
| 22:29 | Queue | Villager (Male) |
| 22:34 | Queue | Archer |
| 22:48 | Build | Palisade Wall |
| 22:49 | Build | Palisade Wall |
| 22:54 | Build | Farm |
| 23:11 | Queue | Villager (Male) |
| 23:28 | Queue | Villager (Male) |
| 23:31 | Queue | Archer |
| 23:41 | Queue | Villager (Male) |
| 23:51 | Queue | Archer |
| 24:02 | Queue | Villager (Male) |
| 24:06 | Queue | Villager (Male) |
| 24:08 | Build | Watch Tower |
| 24:21 | Queue | Villager (Male) |
| 24:23 | Queue | Villager (Male) |
Match timeline
| 2:38 | DK | Mauseren · wall_segment Palisade Wall x3 |
| 2:44 | DK | Mauseren · wall_segment Palisade Wall x1 |
| 2:44 | DK | Mauseren · wall_segment Palisade Wall x1 |
| 2:50 | DK | Mauseren · wall_segment Palisade Wall x1 |
| 2:56 | DK | Mauseren · wall_segment Palisade Wall x1 |
| 4:45 | Harty · first_building Barracks |
| 7:59 | DK | Mauseren · wall_segment Palisade Wall x7 |
| 8:20 | DK | Mauseren · wall_segment Palisade Wall x6 |
| 8:25 | Harty · age_up feudal |
| 8:26 | Harty · first_building Archery Range |
| 8:33 | DK | Mauseren · wall_segment Palisade Wall x7 |
| 8:46 | Harty · wall_segment Palisade Wall x10 |
| 8:54 | DK | Mauseren · first_building Barracks |
| 9:15 | DK | Mauseren · age_up feudal |
| 9:33 | DK | Mauseren · first_building Archery Range |
| 12:27 | Harty · wall_segment Palisade Wall x2 |
| 12:48 | DK | Mauseren · wall_segment Palisade Wall x4 |
| 13:20 | Harty · wall_segment Palisade Wall x3 |
| 13:21 | Harty · wall_segment Palisade Wall x2 |
| 13:53 | Harty · wall_segment Palisade Wall x1 |
| 16:29 | DK | Mauseren · first_building Stable |
| 22:48 | Harty · wall_segment Palisade Wall x2 |
| 22:49 | Harty · wall_segment Palisade Wall x2 |
| 24:24 | DK | Mauseren · resign |
[ AI ANALYSIS · 1 CREDIT ]
What really happened in this match?
Wolo.gg analyzes every decision: build order, eco, micro, common mistakes by bracket. Personalized analysis on WhatsApp or Discord in 30 seconds.
Civ guide
Lithuanians
Perfil
Jugador #10840748